 Dungeon Crawl Stone Soup version 0.30-a0-1006-g5d778dfbfc (webtiles) character file.

Game seed: 18329716568202444818

15276 funkygono the Severer (level 11, -1/101 HPs)
             Began as a Minotaur Fighter on Apr 5, 2023.
             Was a High Priest of Okawaru.
             Slain by a ten-headed hydra (12 damage)
             ... on level 2 of the Lair of Beasts.
             The game lasted 00:16:40 (8849 turns).

funkygono the Severer (Minotaur Fighter)            Turns: 8849, Time: 00:16:40

Health: -1/101     AC: 31    Str: 31    XL:     11   Next: 99%
Magic:  9/11       EV: 12    Int:  5    God:    Okawaru [*****.]
Gold:   571        SH:  7    Dex: 10    Spells: 10/10 levels left

rFire   . . .      SeeInvis .    a - +2 war axe (protect)
rCold   . . .      Faith    .    c - +0 buckler
rNeg    . . .      Spirit   .    J - +8 chain mail {ponderous}
rPois   .          Reflect  .    (helmet restricted)
rElec   .          Rampage  .    e - +1 cloak
rCorr   .                        (no gloves)
Will    +....                    (no boots) Stlth
                                 n - amulet of regeneration
HPRegen 1.16/turn                f - ring of willpower
MPRegen 0.12/turn                A - +6 ring of strength

@: lethally poisoned (-1 -> -6), heroic, under a protective aura, slow
A: horns 2, retaliatory headbutt
a: Renounce Religion, Heroism, Finesse, Duel


You were on level 2 of the Lair of Beasts.
You worshipped Okawaru.
Okawaru was extremely pleased with you.
You visited 2 branches of the dungeon, and saw 11 of its levels.

You collected 571 gold pieces.

Inventory:

Hand Weapons
 a - a +2 war axe of protection (weapon)
 q - the +5 battleaxe of Okawaru, Sharing {spect, rC+ Dex+2}
   (Okawaru gifted it to you on level 2 of the Lair of Beasts)

   Dex:       It affects your dexterity (+2).
   rC:        It protects you from cold.
Missiles
 b - 10 curare-tipped darts
 j - 12 poisoned darts
 D - 11 boomerangs (quivered)
Armour
 c - a +0 buckler (worn)
 e - a +1 cloak (worn)
 l - a +0 chain mail
 r - a scarf of resistance
 J - a +8 chain mail of ponderousness (worn)
Jewellery
 f - a ring of willpower (left hand)
 n - an amulet of regeneration (around neck)
 t - a ring of protection from cold
 A - a +6 ring of strength (right hand)
 G - a ring of resist corrosion
Wands
 y - a wand of flame (24)
 H - a wand of iceblast (4)
Scrolls
 h - a scroll of identify
 x - a scroll of brand weapon
 z - a scroll of enchant armour
 C - a scroll of silence
Potions
 d - 2 potions of might
 g - a potion of heal wounds
 i - 3 potions of mutation
 k - 8 potions of curing
 m - 2 potions of ambrosia
 o - a potion of invisibility {unknown}
 p - 2 potions of attraction {unknown}
 s - 2 potions of berserk rage {unknown}
 v - a potion of haste {unknown}
 w - a potion of magic {unknown}
 E - a potion of resistance {unknown}


   Skills:
 + Level 10.3(15.3) Fighting
 + Level 15.6(20.6) Axes
 + Level 0.3(5.3) Throwing
 + Level 11.2(16.2) Armour
 + Level 5.0(10.0) Dodging
 + Level 1.1(6.1) Stealth
 + Level 8.2(13.2) Shields
 + Level 2.4 Invocations


You had 10 spell levels left.
You didn't know any spells.
Your spell library contained the following spells:

 Spells                   Type           Power      Damage    Failure   Level
 Magic Dart               Conj           0%         1d3       85%         1
 Blink                    Tloc           0%         N/A       94%         2
 Lesser Beckoning         Tloc           0%         N/A       94%         2
 Momentum Strike          Conj/Tloc      0%         3d8       94%         2
 Scorch                   Fire           0%         2d5       94%         2
 Searing Ray              Conj           0%         2d4       94%         2
 Flame Wave               Conj/Fire      0%         2d4       100%        4
 Fulminant Prism          Conj/Hex       0%         3d5       100%        4
 Summon Cactus Giant      Summ           Unusable   N/A       N/A         6

Dungeon Overview and Level Annotations

Branches:
Dungeon (9/15)             Temple (0/1) D:6            Lair (2/5) D:9
  Swamp: Lair:2-3    Shoals: Lair:2-3     Snake: Lair:2-3    Spider: Lair:2-3
    Orc: D:9-12

Altars:
Elyvilon
Fedhas
Hepliaklqana
Kikubaaqudgha
Makhleb
Nemelex Xobeh
Okawaru
Uskayaw
Wu Jian
Zin

Shops:
D:4 :=*(!


Innate Abilities, Weirdness & Mutations

You have a pair of horns on your head.
You reflexively headbutt those who attack you in melee.


Message History

The black mamba closely misses you.
You block the nine-headed hydra's attack.
The nine-headed hydra bites you but does no damage.
The nine-headed hydra closely misses you.
The nine-headed hydra bites you but does no damage.
The nine-headed hydra completely misses you.
The nine-headed hydra bites you!
You block the nine-headed hydra's attack.
The nine-headed hydra bites you but does no damage.
The nine-headed hydra closely misses you.
You block the black mamba's attack.
You barely miss the nine-headed hydra.
The nine-headed hydra is heavily wounded.
You miss the black mamba.
You feel very sick. The black mamba misses you.
The nine-headed hydra bites you!
* * * LOW HITPOINT WARNING * * *
The nine-headed hydra bites you but does no damage.
The nine-headed hydra bites you.
* * * LOW HITPOINT WARNING * * *
You block the nine-headed hydra's attack.
The nine-headed hydra bites you!
* * * LOW HITPOINT WARNING * * *
The nine-headed hydra closely misses you.
You block the nine-headed hydra's attack.
The nine-headed hydra barely misses you.
The nine-headed hydra misses you.
You hack one of the nine-headed hydra's heads off!
The eight-headed hydra grows two more!
You hit the ten-headed hydra. You headbutt the ten-headed hydra!
The ten-headed hydra is heavily wounded.
You slash the black mamba!
You kill the black mamba!
Okawaru accepts your kill.
You feel sick.
The ten-headed hydra bites you but does no damage.
You block the ten-headed hydra's attack.
The ten-headed hydra bites you but does no damage.
The ten-headed hydra barely misses you. The ten-headed hydra bites you!
You die...

###### #####
..#####D##.#########.#.##
.......[@...............#
P#.......†......###P.#...
##....#..#.#...#####...#
#...#...#####..# #....
#....##...# ##.## #...P
##..P#...## #..# ##...
#..###..## ##.## #....
... #..P# ##††# #P.>.
#...# #...# ##...


You could see a ten-headed hydra.

Vanquished Creatures
  5 death yaks (Lair:2)
  A skyshark (Lair:2)
  An oklob plant (Lair:1)
  4 elephants (Lair:1)
  A black mamba (Lair:2)
  4 cane toads (Lair:1)
  Psyche (D:9)
  3 komodo dragons
  A troll (D:9)
  5 blink frogs (Lair:1)
  2 wyverns
  10 yaks
  Edmund (D:5)
  2 water moccasins
  2 ice beasts
  7 orc warriors
  4 ogres
  6 centaurs
  3 phantoms
  9 wolves
  Blork the orc (D:5)
  A kobold brigand (D:8)
  4 bullfrogs
  4 scorpions
  5 wights
  3 vampire bats (D:8)
  5 howler monkeys
  A crimson imp (D:7)
  4 hounds
  9 orc priests
  A jelly (D:6)
  9 iguanas
  Terence (D:2)
  4 orc wizards
  7 adders
  A white imp (D:7)
  An ufetubus (D:7)
  A dart slug (D:4)
  39 orcs
  6 ball pythons
  2 bat skeletons (D:8)
  4 bat zombies (D:8)
  5 endoplasms
  3 giant cockroaches
  7 goblins
  6 hobgoblins
  2 jackals (D:1)
  6 quokkas
  8 bats
  3 frilled lizards
  6 kobolds
  5 rats
  2 bushes
238 creatures vanquished.

Vanquished Creatures (others)
  A bullfrog (Lair:1)
  6 fungi
  46 plants
53 creatures vanquished.

Grand Total: 291 creatures vanquished

Notes
Turn   | Place    | Note
-------+----------+-------------------------------------------
     0 | D:1      | funkygono the Minotaur Fighter began the quest for the Orb.
     0 | D:1      | Reached XP level 1. HP: 19/19 MP: 0/0
   173 | D:1      | Reached XP level 2. HP: 26/27 MP: 1/1
   608 | D:1      | Reached XP level 3. HP: 33/33 MP: 2/2
   827 | D:2      | Reached skill level 3 in Axes
  1013 | D:2      | You fall into a shaft and drop 1 floor!
  1071 | D:2      | Noticed Terence
  1083 | D:2      | Killed Terence
  1084 | D:2      | Reached XP level 4. HP: 40/40 MP: 3/3
  1639 | D:3      | Reached skill level 4 in Axes
  2229 | D:3      | Reached XP level 5. HP: 46/46 MP: 4/4
  2393 | D:4      | Identified the +2 leather armour "Zurph" {rPois rC+}
  2416 | D:4      | Found Riovessa's Distillery.
  2460 | D:4      | Reached skill level 5 in Armour
  2502 | D:4      | Found Naedif's Book Boutique.
  2529 | D:4      | Found a glowing silver altar of Zin.
  2543 | D:4      | Reached skill level 5 in Axes
  2543 | D:4      | Reached skill level 5 in Shields
  2560 | D:4      | Noticed an ogre
  2571 | D:4      | Killed an ogre
  2572 | D:4      | Reached XP level 6. HP: 39/53 MP: 5/5
  2660 | D:4      | Found Kasor's Jewellery Shoppe.
  2681 | D:4      | Found Meotrus's Assorted Antiques.
  2750 | D:4      | Found Dulu Fon's Antique Weapon Emporium.
  2775 | D:4      | Found a hazy altar of Hepliaklqana.
  2804 | D:4      | Reached skill level 6 in Axes
  2923 | D:5      | Entered Level 5 of the Dungeon
  2936 | D:5      | Reached XP level 7. HP: 59/60 MP: 6/6
  2984 | D:5      | Reached skill level 5 in Fighting
  2984 | D:5      | Reached skill level 7 in Axes
  3034 | D:5      | Reached XP level 8. HP: 56/68 MP: 7/7
  3064 | D:5      | Noticed Blork the orc
  3067 | D:5      | Reached skill level 8 in Axes
  3084 | D:5      | Killed Blork the orc
  3190 | D:5      | Noticed Edmund
  3219 | D:5      | Killed Edmund
  3532 | D:5      | Reached skill level 1 in Dodging
  3638 | D:5      | Found a hide-covered altar of Uskayaw.
  3744 | D:6      | Found an iron altar of Okawaru.
  3758 | D:6      | Became a worshipper of Warmaster Okawaru
  3768 | D:6      | Found a staircase to the Ecumenical Temple.
  3790 | D:6      | Found a blossoming altar of Fedhas.
  3817 | D:6      | Reached skill level 9 in Axes
  3969 | D:6      | Found a sparkling altar of Nemelex Xobeh.
  4185 | D:6      | Found an ornate altar of the Wu Jian Council.
  5009 | D:7      | Reached XP level 9. HP: 75/75 MP: 8/8
  5139 | D:7      | Reached * piety under Okawaru
  5501 | D:7      | Reached skill level 10 in Axes
  5894 | D:8      | Reached ** piety under Okawaru
  5979 | D:8      | Found a white marble altar of Elyvilon.
  5982 | D:8      | Reached skill level 11 in Axes
  6068 | D:8      | Found a burning altar of Makhleb.
  6355 | D:8      | Found an ancient bone altar of Kikubaaqudgha.
  6427 | D:8      | Reached skill level 1 in Invocations
  6427 | D:8      | Reached XP level 10. HP: 86/86 MP: 9/9
  6675 | D:9      | Noticed Psyche
  6682 | D:9      | Killed Psyche
  6716 | D:9      | Reached skill level 12 in Axes
  6754 | D:9      | Found a staircase to the Lair.
  7285 | D:9      | Reached skill level 10 in Armour
  7510 | Lair:1   | Entered Level 1 of the Lair of Beasts
  7510 | Lair:1   | Noticed an oklob plant
  7510 | Lair:1   | Noticed a cane toad
  7525 | Lair:1   | Killed an oklob plant
  7525 | Lair:1   | Reached *** piety under Okawaru
  7526 | Lair:1   | Reached skill level 13 in Axes
  7526 | Lair:1   | Killed a cane toad
  7672 | Lair:1   | Noticed a cane toad
  7681 | Lair:1   | Killed a cane toad
  7759 | Lair:1   | Noticed a cane toad
  7764 | Lair:1   | Killed a cane toad
  7764 | Lair:1   | Reached **** piety under Okawaru
  7849 | Lair:1   | Reached XP level 11. HP: 95/95 MP: 11/11
  7909 | Lair:1   | Received a gift from Okawaru
  7910 | Lair:1   | Reached skill level 14 in Axes
  8471 | Lair:2   | Noticed a skyshark
  8480 | Lair:2   | Killed a skyshark
  8580 | Lair:2   | Noticed a death yak
  8580 | Lair:2   | Noticed a death yak
  8582 | Lair:2   | Noticed a death yak
  8586 | Lair:2   | Noticed a death yak
  8587 | Lair:2   | Noticed a death yak
  8594 | Lair:2   | Killed a death yak
  8603 | Lair:2   | Killed a death yak
  8604 | Lair:2   | Reached skill level 15 in Axes
  8604 | Lair:2   | Killed a death yak
  8605 | Lair:2   | Reached skill level 10 in Fighting
  8614 | Lair:2   | Killed a death yak
  8614 | Lair:2   | Reached ***** piety under Okawaru
  8615 | Lair:2   | Reached skill level 1 in Stealth
  8620 | Lair:2   | Killed a death yak
  8620 | Lair:2   | Identified the +5 battleaxe of Okawaru, Sharing {spect, rC+
                  | Dex+2} (Okawaru gifted it to you on level 2 of the Lair of
                  | Beasts)
  8620 | Lair:2   | Received a gift from Okawaru
  8713 | Lair:2   | Reached skill level 5 in Dodging
  8745 | Lair:2   | Noticed a four-headed hydra
  8767 | Lair:2   | HP: 5/100 [wolf (6)]
  8849 | Lair:2   | Slain by a ten-headed hydra

Illustrated notes

Levels and vault maps discovered:
D:1:      sevenhm_arrival_forest_fort_large_2, layout_basic
D:2:      layout_rooms, uniq_terence
D:3:      layout_basic
D:4:      layout_rooms, worldfamousw_hep_ancestral_shrine, lemuel_round_altar,
          serial_shops, nicolae_shop_advertising_works
          [nicolae_subvault_shop_adworks], kennysheep_mini,
          nicolae_take_the_stairs, nicolae_shop_temple_entry_statues_fountains,
          nicolae_shop_hallway_stairs
D:5:      layout_loops_ring, lemuel_doored_altar, kb_lookout_dungeons_type,
          hex_tiny, hex_large, uniq_blork_the_orc, uniq_edmund
D:6:      layout_basic, mainiacjoe_overflow_tiny_flanked,
          fedhas_bush_and_centaur_altar, mainiacjoe_overflow_paths,
          mainiacjoe_overflow_brackets, temple_doors_e
D:7:      layout_basic, minmay_fire_ice_demons
D:8:      cheibrodos_helix_gallery, layout_cave_pools, elyvilon_altar_5,
          kennysheep_vampire_church, lightli_temple_of_fire, special_room
          [special_room_orc]
D:9:      layout_basic, david_lair_shrubbed, corexii_checkpoint_a, uniq_psyche
Lair:1:   layout_loops_ring, dpeg_stationary_puzzle
Lair:2:   layout_long_grid, elwin_shoals_entry_rocks,
          spider_nest_entry_web_field, uniq_gastronok, uniq_sonja

Skill      XL: |  1  2  3  4  5  6  7  8  9 10 11 |
---------------+----------------------------------+-----
Armour         | 4 5 6 8 9 10 11 | 11.2
Fighting       | 4 5 6 7 8 10 | 10.3
Shields        | 4 5 6 7 8 |  8.2
Axes           | 3 4 5 6 7 9 11 13 15 | 15.6
Dodging        | 1 2 4 5 |  5.0
Invocations    | 1 2 |  2.4
Stealth        | 1 |  1.1
Throwing       | |  0.3

Action                     |  1- 3 |  4- 6 |  7- 9 | 10-12 || total
---------------------------+-------+-------+-------+-------++-------
  Melee: War axe           |   101 |    87 |   264 |   251 ||   703
         Headbutt          |     7 |    12 |    53 |    67 ||   139
  Throw: Dart              |     1 |       |       |       ||     1
         Boomerang         |       |       |     3 |       ||     3
 Invoke: Heroism           |       |       |     5 |    12 ||    17
    Use: Scroll            |       |     9 |     5 |     8 ||    22
         Potion            |       |       |       |     2 ||     2
 Armour: Scale mail        |    37 |       |       |       ||    37
         Chain mail        |    23 |    49 |   137 |   159 ||   368
  Dodge: Dodged            |    46 |    18 |   120 |   127 ||   311
  Block: Buckler           |    27 |    16 |    58 |    74 ||   175

Table legend: (Time is in decaauts)
 A = Elapsed time spent in this place.
 B = Non-inter-level travel time spent in this place.
 C = Inter-level travel time spent in this place.
 D = Time resting spent in this place.
 E = Time spent auto-exploring this place.
 F = Levels seen in this place.
 G = Mean time per level.
                   A        B        C        D        E       F      G
               +--------+--------+--------+--------+--------+-----+--------+
         Total |   9004 |   8787 |    217 |     30 |   6841 |  11 |  818.5 |
       Dungeon |   7604 |   7419 |    185 |     30 |   5756 |   9 |  844.9 |
          Lair |   1399 |   1367 |     32 |      0 |   1085 |   2 |  699.5 |
               +--------+--------+--------+--------+--------+-----+--------+

Top non-repeatable levels by time:
     D:6: 1153 daAuts
     D:3: 1110 daAuts
  Lair:1: 1085 daAuts
     D:8: 896 daAuts
     D:9: 887 daAuts
     D:7: 875 daAuts
     D:5: 766 daAuts
     D:1: 696 daAuts
     D:2: 613 daAuts
     D:4: 606 daAuts
  Lair:2: 313 daAuts
